Rangers vs Islanders

Created - 8 octobre 2019 at 21:43

Simulating a Pre-Season

Goals
1 2 3 T
Rangers 1 0 0 1
Islanders 1 3 0 4
Shots
1 2 3 T
Rangers 7 6 4 17
Islanders 14 14 17 45

1st period

1. Rangers , Alexander Radulov 2 (Connor McDavid 5) at 15:10
2. Islanders , Richard Panik 4 (Jack Eichel 9, Timo Meier 4) at 19:00

Penalties :
Nick Holden (NYI) for Tripping (Minor) at 0:27, James Neal (NYR) for Hooking (Minor) at 0:27, Janne Kuokkanen (NYI) for Delaying the game (Minor) at 15:52

2nd period

3. Islanders , Brock McGinn 3 (Reid Boucher 3, Henri Jokiharju 7) at 2:08
4. Islanders , Elias Pettersson 3 (Nick Holden 5, Sam Gagner 1) at 8:26 (SH)
5. Islanders , Jack Eichel 6 (Timo Meier 5, Anthony DeAngelo 5) at 13:51

Penalties :
Brock McGinn (NYI) for Holding (Minor) at 6:52, Fredrik Claesson (NYR) for Holding (Minor) at 14:30, Michael Del Zotto (NYR) for High sticking (Minor) at 19:33

3rd period

No Goal

Penalties :
Michael Del Zotto (NYR) for Interference (Minor) at 7:33, Michael Del Zotto (NYR) for Hooking (Minor) at 14:27

Goalie Stats

Christopher Gibson (NYR), 41 saves from 45 shots - (0.911), L, 1-4-1, 60:00 minutes
Mikko Koskinen (NYI), 16 saves from 17 shots - (0.941), W, 4-2-0, 60:00 minutes

Players Stats for Rangers

Player Name              G  A  P  +/- PIM S  H  SB GA TA FO     MP     PP MP  PK MP  
------------------------------------------------------------------------------------
Alexander Radulov        1  0  1  -1  0   2  5  0  0  0  2/9    16:27   2:10   5:51 
Anthony Mantha           0  0  0   0  0   2  0  0  0  0  1/3    11:03   0:46   1:52 
Brandon Pirri            0  0  0  -1  0   3  0  1  0  0  5/16   20:47   0:15   3:41 
Braydon Coburn           0  0  0   0  0   0  0  1  0  0  0/0    20:54   2:18   3:13 
Cedric Paquette          0  0  0  -1  0   2  2  1  0  0  6/12   15:28   1:33   0:00 
Connor McDavid           0  1  1   0  0   1  1  0  0  0  6/9     7:50   0:00   0:24 
Fredrik Claesson         0  0  0  -1  2   0  2  0  0  0  0/0    21:03   1:25   2:03 
James Neal               0  0  0  -1  2   0  0  0  0  0  1/1    16:50   0:00   0:00 
Jamie McGinn             0  0  0   0  0   1  0  0  0  0  0/0     7:55   0:00   0:00 
Joel Edmundson           0  0  0  -1  0   0  4  2  0  0  0/0    22:50   2:18   3:21 
Jordan Schroeder         0  0  0  -2  0   0  0  1  0  0  2/7    18:47   2:10   2:42 
Kyle Rau                 0  0  0  -2  0   0  3  0  0  0  1/3    21:41   2:10   1:41 
Matt Niskanen            0  0  0  -1  0   0  3  1  0  0  0/0    20:44   0:46   0:34 
Michael Del Zotto        0  0  0  -1  6   0  4  0  0  0  0/0    14:17   0:00   1:01 
Nick Bonino              0  0  0   0  0   2  0  0  0  0  3/8     9:57   1:02   0:00 
Nick Leddy               0  0  0  -2  0   0  1  2  0  0  0/0    19:17   1:09   4:49 
Noel Acciari             0  0  0  -1  0   4  1  1  0  0  0/0    15:28   1:33   0:00 
Ondrej Palat             0  0  0   0  0   0  1  0  0  0  0/2     8:42   0:15   0:32 

Players Stats for Islanders

Player Name              G  A  P  +/- PIM S  H  SB GA TA FO     MP     PP MP  PK MP  
------------------------------------------------------------------------------------
Anthony DeAngelo         0  1  1   0  0   1  1  1  0  0  0/0    23:56   4:10   2:00 
Brock McGinn             1  0  1   1  2   2  1  0  0  0  1/2    14:46   0:19   0:00 
Colton Sceviour          0  0  0   0  0   3  1  0  0  0  2/7     8:23   0:00   0:00 
Dennis Cholowski         0  0  0   2  0   1  0  0  0  0  0/0    14:26   0:42   0:04 
Dennis Seidenberg        0  0  0  -1  0   0  0  2  0  0  0/0    11:21   0:00   1:56 
Elias Pettersson         1  0  1   0  0   2  1  0  0  0  11/17  20:15   3:49   2:35 
Henri Jokiharju          0  1  1   1  0   3  2  0  0  0  0/0    19:00   2:35   0:00 
Jack Eichel              1  1  2   2  0   7  1  0  0  0  14/20  22:29   4:07   0:00 
Janne Kuokkanen          0  0  0   1  2   3  1  0  0  0  6/10   14:07   0:00   0:00 
Jesper Bratt             0  0  0  -1  0   3  0  0  0  0  1/1    16:27   3:49   0:00 
Kyle Quincey             0  0  0   0  0   0  0  0  0  0  0/0     3:19   0:30   0:00 
Neal Pionk               0  0  0   2  0   3  2  1  0  0  0/0    25:17   3:48   1:58 
Nick Holden              0  1  1   2  2   0  0  1  0  0  0/0    22:07   4:07   1:58 
Patrick Sharp            0  0  0   0  0   0  0  0  0  0  0/0     8:10   0:00   0:00 
Reid Boucher             0  1  1   1  0   4  0  1  0  0  2/3    16:39   0:19   0:00 
Richard Panik            1  0  1   2  0   4  1  0  0  0  0/0    17:08   3:48   1:23 
Sam Gagner               0  1  1   0  0   5  1  0  0  0  6/9    19:02   3:49   2:35 
Timo Meier               0  2  2   2  0   4  1  0  0  0  0/1    17:08   3:48   1:23 

3 Stars

1 - Jack Eichel (NYI)
2 - Timo Meier (NYI)
3 - Richard Panik (NYI)

Power Play

Rangers - 0 on 2 Attempt(s) - 0.00%
Islanders - 0 on 4 Attempt(s) - 0.00%

Penalty Kill

Rangers - 4 on 4 Attempt(s) - 100.00% - Score 0 goal in Penalty Kill
Islanders - 2 on 2 Attempt(s) - 100.00% - Score 1 goal in Penalty Kill

Team Stat

Rangers - Hits : 27 - Faceoff Wins : 27 - Blocked Shots : 10 - Penalty Minutes : 10
Islanders - Hits : 13 - Faceoff Wins : 43 - Blocked Shots : 6 - Penalty Minutes : 6

Official

Referees : Mark Lemelin and TJ Luxmore
Linesman : Matt MacPherson and Derek Nansen

Game Notes

Dennis Seidenberg is injured at 8:17 of 2nd period (Torso)

% Time on Ice - Rangers

Lines # - Real PCT - Wanted PCT - Time Play
Normal Forward
1 - 37% - 45% - 16:51
2 - 30% - 35% - 13:55
3 - 17% - 10% - 7:55
4 - 16% - 10% - 7:26
Normal Defense
1 - 42% - 49% - 19:24
2 - 31% - 39% - 14:23
3 - 21% - 12% - 9:45
4 - 6% - 0% - 2:35
PP Forward
1 - 61% - 60% - 2:25
2 - 39% - 40% - 1:33
PP Defense
1 - 42% - 60% - 1:40
2 - 58% - 40% - 2:18
PK Forward
1 - 79% - 60% - 6:15
2 - 21% - 40% - 1:41
PK Defense
1 - 61% - 60% - 4:49
2 - 39% - 40% - 3:07
PK3 Forward
1 - 0% - 60%
2 - 0% - 40%
PK3 Defense
1 - 0% - 60%
2 - 0% - 40%
44 Forward
1 - 50% - 60% - 0:59
2 - 50% - 40% - 1:00
44 Defense
1 - 50% - 60% - 0:59
2 - 50% - 40% - 1:00
Last Minute Offensive  - 0:00
Last Minute Defensive  - 0:00
Total
Forward - 60:00
Defense - 60:00

% Time on Ice - Islanders

Lines # - Real PCT - Wanted PCT - Time Play
Normal Forward
1 - 24% - 40% - 11:11
2 - 27% - 30% - 12:38
3 - 31% - 20% - 14:08
4 - 18% - 10% - 8:10
Normal Defense
1 - 33% - 40% - 15:05
2 - 43% - 30% - 19:36
3 - 23% - 20% - 10:41
4 - 2% - 10% - 0:45
PP Forward
1 - 52% - 60% - 4:07
2 - 48% - 40% - 3:49
PP Defense
1 - 37% - 60% - 2:57
2 - 63% - 40% - 4:59
PK Forward
1 - 65% - 60% - 2:35
2 - 35% - 40% - 1:23
PK Defense
1 - 50% - 60% - 1:58
2 - 50% - 40% - 2:00
PK3 Forward
1 - 0% - 60%
2 - 0% - 40%
PK3 Defense
1 - 0% - 60%
2 - 0% - 40%
44 Forward
1 - 61% - 60% - 1:13
2 - 39% - 40% - 0:46
44 Defense
1 - 39% - 60% - 0:46
2 - 61% - 40% - 1:13
Last Minute Offensive  - 0:00
Last Minute Defensive  - 0:00
Total
Forward - 60:00
Defense - 60:00

Play-by-Play

1st period


0:01 of 1st period - Jack Eichel wins face-off versus Kyle Rau in neutral zone.
0:27 of 1st period - Minor Penalty to Nick Holden for Tripping.
0:27 of 1st period - Minor Penalty to James Neal for Hooking.
0:28 of 1st period - Anthony Mantha wins face-off versus Reid Boucher in Islanders zone.
0:31 of 1st period - Shot by Anthony Mantha.
0:31 of 1st period - Stopped by Mikko Koskinen without a rebound.
0:32 of 1st period - Reid Boucher wins face-off versus Anthony Mantha in Islanders zone.
0:57 of 1st period - Shot by Anthony Mantha.
0:57 of 1st period - Stopped by Mikko Koskinen without a rebound.
0:58 of 1st period - Alexander Radulov wins face-off versus Timo Meier in Islanders zone.
0:59 of 1st period - Shot by Nick Bonino.
0:59 of 1st period - Shot Misses the Net.
1:15 of 1st period - Shot by Richard Panik.
1:15 of 1st period - Shot Misses the Net.
1:27 of 1st period - Shot by Timo Meier.
1:27 of 1st period - Shot Misses the Net.
1:29 of 1st period - Shot by Henri Jokiharju.
1:29 of 1st period - Stopped by Christopher Gibson with a rebound.
1:31 of 1st period - Shot by Timo Meier.
1:31 of 1st period - Deflect By Richard Panik.
1:31 of 1st period - Shot Misses the Net.
1:52 of 1st period - Anthony DeAngelo is hit by Alexander Radulov and loses puck.
2:48 of 1st period - Shot by Jack Eichel.
2:48 of 1st period - Stopped by Christopher Gibson with a rebound.
2:50 of 1st period - Shot by Colton Sceviour.
2:50 of 1st period - Stopped by Christopher Gibson with a rebound.
3:26 of 1st period - Icing by Michael Del Zotto.
3:27 of 1st period - Sam Gagner wins face-off versus Brandon Pirri in Rangers zone.
3:27 of 1st period - Jesper Bratt is hit by Michael Del Zotto and loses puck.
3:36 of 1st period - Shot by Brandon Pirri.
3:36 of 1st period - Stopped by Mikko Koskinen without a rebound.
3:37 of 1st period - Connor McDavid wins face-off versus Brock McGinn in Islanders zone.
5:09 of 1st period - Shot by Matt Niskanen.
5:09 of 1st period - Shot Misses the Net.
5:16 of 1st period - Off-side.
5:17 of 1st period - Jack Eichel wins face-off versus Cedric Paquette in neutral zone.
5:34 of 1st period - Shot by Noel Acciari.
5:34 of 1st period - Stopped by Mikko Koskinen with a rebound.
5:46 of 1st period - Shot by Cedric Paquette.
5:46 of 1st period - Stopped by Mikko Koskinen without a rebound.
5:47 of 1st period - Nick Bonino wins face-off versus Janne Kuokkanen in Islanders zone.
5:50 of 1st period - Shot by Nick Bonino.
5:50 of 1st period - Stopped by Mikko Koskinen without a rebound.
5:51 of 1st period - Janne Kuokkanen wins face-off versus Nick Bonino in Islanders zone.
5:51 of 1st period - Janne Kuokkanen is hit by Ondrej Palat.
6:13 of 1st period - Icing by Nick Bonino.
6:14 of 1st period - Jack Eichel wins face-off versus Nick Bonino in Rangers zone.
6:52 of 1st period - Timo Meier is hit by Joel Edmundson and loses puck.
8:01 of 1st period - Shot by Janne Kuokkanen.
8:01 of 1st period - Stopped by Christopher Gibson without a rebound.
8:02 of 1st period - Colton Sceviour wins face-off versus Cedric Paquette in Rangers zone.
8:02 of 1st period - Colton Sceviour is hit by Michael Del Zotto.
8:08 of 1st period - Icing by Nick Leddy.
8:09 of 1st period - Cedric Paquette wins face-off versus Janne Kuokkanen in Rangers zone.
8:09 of 1st period - Cedric Paquette is hit by Janne Kuokkanen.
8:57 of 1st period - Icing by Nick Holden.
8:58 of 1st period - Janne Kuokkanen wins face-off versus Brandon Pirri in Islanders zone.
8:58 of 1st period - Janne Kuokkanen is hit by Kyle Rau.
9:17 of 1st period - James Neal is hit by Neal Pionk and loses puck.
9:59 of 1st period - Richard Panik is hit by Joel Edmundson and loses puck.
10:31 of 1st period - Off-side.
10:32 of 1st period - Elias Pettersson wins face-off versus Cedric Paquette in neutral zone.
10:34 of 1st period - Off-side.
10:35 of 1st period - Elias Pettersson wins face-off versus Cedric Paquette in neutral zone.
11:02 of 1st period - Shot by Sam Gagner.
11:02 of 1st period - Stopped by Christopher Gibson without a rebound.
11:03 of 1st period - Kyle Rau wins face-off versus Colton Sceviour in Rangers zone.
11:22 of 1st period - Shot by Jack Eichel.
11:22 of 1st period - Shot Misses the Net.
11:40 of 1st period - Shot by Jack Eichel.
11:40 of 1st period - Stopped by Christopher Gibson without a rebound.
11:41 of 1st period - Jordan Schroeder wins face-off versus Elias Pettersson in Rangers zone.
11:41 of 1st period - Jordan Schroeder is hit by Elias Pettersson.
13:04 of 1st period - Reid Boucher is hit by Joel Edmundson and loses puck.
13:15 of 1st period - Timo Meier is hit by Cedric Paquette and loses puck.
13:32 of 1st period - Shot by Timo Meier.
13:32 of 1st period - Stopped by Christopher Gibson without a rebound.
13:33 of 1st period - Jack Eichel wins face-off versus Brandon Pirri in Rangers zone.
14:19 of 1st period - Shot by Sam Gagner.
14:19 of 1st period - Stopped by Christopher Gibson without a rebound.
14:20 of 1st period - Elias Pettersson wins face-off versus Nick Bonino in Rangers zone.
14:50 of 1st period - Shot by Ondrej Palat.
14:50 of 1st period - Shot Misses the Net.
14:52 of 1st period - Shot by Nick Leddy.
14:52 of 1st period - Shot Misses the Net.
15:08 of 1st period - Shot by Connor McDavid.
15:08 of 1st period - Shot Blocked by Dennis Seidenberg.
15:10 of 1st period - Shot by Alexander Radulov.
15:10 of 1st period - Goal by Alexander Radulov - Rangers : 1 - Islanders : 0.
15:11 of 1st period - Connor McDavid wins face-off versus Jack Eichel in neutral zone.
15:11 of 1st period - Connor McDavid is hit by Timo Meier.
15:19 of 1st period - Shot by Jack Eichel.
15:19 of 1st period - Stopped by Christopher Gibson without a rebound.
15:20 of 1st period - Jack Eichel wins face-off versus Brandon Pirri in Rangers zone.
15:20 of 1st period - Richard Panik is hit by Fredrik Claesson and loses puck.
15:29 of 1st period - Shot by Kyle Rau.
15:29 of 1st period - Shot Blocked by Neal Pionk.
15:47 of 1st period - Shot by Timo Meier.
15:47 of 1st period - Deflect By Jack Eichel.
15:47 of 1st period - Stopped by Christopher Gibson without a rebound.
15:48 of 1st period - Reid Boucher wins face-off versus Connor McDavid in Rangers zone.
15:48 of 1st period - Janne Kuokkanen is hit by Michael Del Zotto and loses puck.
15:52 of 1st period - Minor Penalty to Janne Kuokkanen for Delaying the game.
15:53 of 1st period - Sam Gagner wins face-off versus Jordan Schroeder in Islanders zone.
17:09 of 1st period - Anthony DeAngelo is hit by Noel Acciari and loses puck.
18:05 of 1st period - Reid Boucher is hit by Matt Niskanen and loses puck.
18:22 of 1st period - Shot by Janne Kuokkanen.
18:22 of 1st period - Stopped by Christopher Gibson with a rebound.
18:48 of 1st period - Shot by Jack Eichel.
18:48 of 1st period - Deflect By Richard Panik.
18:48 of 1st period - Stopped by Christopher Gibson with a rebound.
18:52 of 1st period - Shot by Jack Eichel.
18:52 of 1st period - Stopped by Christopher Gibson with a rebound.
18:58 of 1st period - Shot by Richard Panik.
18:58 of 1st period - Deflect By Jack Eichel.
18:58 of 1st period - Shot Misses the Net.
19:00 of 1st period - Shot by Richard Panik.
19:00 of 1st period - Goal by Richard Panik - Rangers : 1 - Islanders : 1.
19:01 of 1st period - Brandon Pirri wins face-off versus Colton Sceviour in neutral zone.
19:09 of 1st period - Shot by Brandon Pirri.
19:09 of 1st period - Shot Blocked by Anthony DeAngelo.
19:59 of 1st period - Shot by Janne Kuokkanen.
19:59 of 1st period - Shot Misses the Net.
Goals for this period are 1 for Rangers vs 1 for Islanders.
Shots for this period are 7 for Rangers vs 14 for Islanders.

2nd period


0:01 of 2nd period - Brandon Pirri wins face-off versus Jack Eichel in neutral zone.
0:12 of 2nd period - Shot by Kyle Rau.
0:12 of 2nd period - Deflect By Brandon Pirri.
0:12 of 2nd period - Shot Misses the Net.
0:14 of 2nd period - Shot by James Neal.
0:14 of 2nd period - Shot Misses the Net.
0:26 of 2nd period - Shot by Brandon Pirri.
0:26 of 2nd period - Shot Misses the Net.
0:51 of 2nd period - Icing by Brandon Pirri.
0:52 of 2nd period - Elias Pettersson wins face-off versus Brandon Pirri in Rangers zone.
1:14 of 2nd period - Joel Edmundson is hit by Anthony DeAngelo and loses puck.
2:08 of 2nd period - Shot by Brock McGinn.
2:08 of 2nd period - Goal by Brock McGinn - Rangers : 1 - Islanders : 2.
2:09 of 2nd period - Jack Eichel wins face-off versus Ondrej Palat in neutral zone.
2:18 of 2nd period - Shot by Richard Panik.
2:18 of 2nd period - Shot Misses the Net.
2:20 of 2nd period - Shot by Richard Panik.
2:20 of 2nd period - Stopped by Christopher Gibson with a rebound.
2:22 of 2nd period - Shot by Timo Meier.
2:22 of 2nd period - Shot Misses the Net.
2:24 of 2nd period - Shot by Richard Panik.
2:24 of 2nd period - Shot Blocked by Nick Leddy.
2:32 of 2nd period - Shot by Timo Meier.
2:32 of 2nd period - Stopped by Christopher Gibson without a rebound.
2:33 of 2nd period - Connor McDavid wins face-off versus Elias Pettersson in Rangers zone.
2:42 of 2nd period - Shot by Connor McDavid.
2:42 of 2nd period - Stopped by Mikko Koskinen without a rebound.
2:43 of 2nd period - Janne Kuokkanen wins face-off versus Connor McDavid in Islanders zone.
2:43 of 2nd period - Janne Kuokkanen is hit by Connor McDavid.
3:49 of 2nd period - Icing by Cedric Paquette.
3:50 of 2nd period - Cedric Paquette wins face-off versus Elias Pettersson in Rangers zone.
4:17 of 2nd period - Shot by Noel Acciari.
4:17 of 2nd period - Stopped by Mikko Koskinen with a rebound.
5:02 of 2nd period - Shot by Timo Meier.
5:02 of 2nd period - Stopped by Christopher Gibson without a rebound.
5:03 of 2nd period - Colton Sceviour wins face-off versus Ondrej Palat in Rangers zone.
5:57 of 2nd period - Shot by Reid Boucher.
5:57 of 2nd period - Shot Misses the Net.
6:49 of 2nd period - Kyle Rau is hit by Brock McGinn.
6:52 of 2nd period - Minor Penalty to Brock McGinn for Holding.
6:53 of 2nd period - Sam Gagner wins face-off versus Jordan Schroeder in Islanders zone.
7:04 of 2nd period - Shot by Sam Gagner.
7:04 of 2nd period - Stopped by Christopher Gibson without a rebound.
7:05 of 2nd period - Jordan Schroeder wins face-off versus Sam Gagner in Rangers zone.
7:10 of 2nd period - Neal Pionk is hit by Alexander Radulov.
7:16 of 2nd period - Nick Holden is hit by Alexander Radulov and loses puck.
7:41 of 2nd period - Anthony DeAngelo is hit by Alexander Radulov and loses puck.
8:15 of 2nd period - Shot by Fredrik Claesson.
8:15 of 2nd period - Shot Misses the Net.
8:17 of 2nd period - Shot by Cedric Paquette.
8:17 of 2nd period - Shot Blocked by Dennis Seidenberg.
8:17 of 2nd period - Dennis Seidenberg from Islanders is injured at 8:17 of 2nd period (Torso).
8:18 of 2nd period - Sam Gagner wins face-off versus Jordan Schroeder in Islanders zone.
8:18 of 2nd period - Sam Gagner is hit by Alexander Radulov.
8:26 of 2nd period - Shot by Elias Pettersson.
8:26 of 2nd period - Goal by Elias Pettersson - Rangers : 1 - Islanders : 3.
8:27 of 2nd period - Cedric Paquette wins face-off versus Sam Gagner in neutral zone.
8:38 of 2nd period - Shot by Nick Bonino.
8:38 of 2nd period - Shot Misses the Net.
8:47 of 2nd period - Shot by Nick Bonino.
8:47 of 2nd period - Stopped by Mikko Koskinen without a rebound.
8:48 of 2nd period - Sam Gagner wins face-off versus Jordan Schroeder in Islanders zone.
9:02 of 2nd period - Matt Niskanen is hit by Jack Eichel and loses puck.
9:50 of 2nd period - Matt Niskanen is hit by Neal Pionk and loses puck.
10:05 of 2nd period - Shot by Cedric Paquette.
10:05 of 2nd period - Stopped by Mikko Koskinen without a rebound.
10:06 of 2nd period - Janne Kuokkanen wins face-off versus Nick Bonino in Islanders zone.
10:15 of 2nd period - Shot by Anthony DeAngelo.
10:15 of 2nd period - Shot Blocked by Joel Edmundson.
11:03 of 2nd period - Shot by Elias Pettersson.
11:03 of 2nd period - Deflect By Jesper Bratt.
11:03 of 2nd period - Stopped by Christopher Gibson without a rebound.
11:04 of 2nd period - Jack Eichel wins face-off versus Cedric Paquette in Rangers zone.
12:08 of 2nd period - Icing by Anthony DeAngelo.
12:09 of 2nd period - Jack Eichel wins face-off versus Brandon Pirri in Islanders zone.
12:09 of 2nd period - Jack Eichel is hit by Kyle Rau.
12:27 of 2nd period - Shot by Brandon Pirri.
12:27 of 2nd period - Shot Misses the Net.
12:51 of 2nd period - Shot by Elias Pettersson.
12:51 of 2nd period - Deflect By Jesper Bratt.
12:51 of 2nd period - Stopped by Christopher Gibson without a rebound.
12:52 of 2nd period - Janne Kuokkanen wins face-off versus Jordan Schroeder in Rangers zone.
13:16 of 2nd period - Shot by Janne Kuokkanen.
13:16 of 2nd period - Shot Misses the Net.
13:18 of 2nd period - Shot by Neal Pionk.
13:18 of 2nd period - Shot Blocked by Noel Acciari.
13:20 of 2nd period - Shot by Brock McGinn.
13:20 of 2nd period - Shot Misses the Net.
13:22 of 2nd period - Shot by Neal Pionk.
13:22 of 2nd period - Stopped by Christopher Gibson without a rebound.
13:23 of 2nd period - Jesper Bratt wins face-off versus Connor McDavid in Rangers zone.
13:23 of 2nd period - Elias Pettersson is hit by Michael Del Zotto and loses puck.
13:34 of 2nd period - Shot by Jesper Bratt.
13:34 of 2nd period - Stopped by Christopher Gibson without a rebound.
13:35 of 2nd period - Brandon Pirri wins face-off versus Colton Sceviour in Rangers zone.
13:37 of 2nd period - Icing by Nick Leddy.
13:38 of 2nd period - Jack Eichel wins face-off versus Brandon Pirri in Rangers zone.
13:49 of 2nd period - Shot by Timo Meier.
13:49 of 2nd period - Shot Misses the Net.
13:51 of 2nd period - Shot by Jack Eichel.
13:51 of 2nd period - Goal by Jack Eichel - Rangers : 1 - Islanders : 4.
13:52 of 2nd period - Cedric Paquette wins face-off versus Sam Gagner in neutral zone.
14:27 of 2nd period - Elias Pettersson is hit by Cedric Paquette.
14:30 of 2nd period - Minor Penalty to Fredrik Claesson for Holding.
14:31 of 2nd period - Jack Eichel wins face-off versus Alexander Radulov in Rangers zone.
14:50 of 2nd period - Shot by Richard Panik.
14:50 of 2nd period - Shot Misses the Net.
15:04 of 2nd period - Shot by Anthony DeAngelo.
15:04 of 2nd period - Stopped by Christopher Gibson with a rebound.
15:43 of 2nd period - Shot by Neal Pionk.
15:43 of 2nd period - Stopped by Christopher Gibson without a rebound.
15:44 of 2nd period - Elias Pettersson wins face-off versus Brandon Pirri in Rangers zone.
16:35 of 2nd period - Shot by Brock McGinn.
16:35 of 2nd period - Shot Blocked by Matt Niskanen.
16:43 of 2nd period - Shot by Nick Bonino.
16:43 of 2nd period - Deflect By Jamie McGinn.
16:43 of 2nd period - Stopped by Mikko Koskinen without a rebound.
16:44 of 2nd period - Cedric Paquette wins face-off versus Janne Kuokkanen in Islanders zone.
16:49 of 2nd period - Shot by Noel Acciari.
16:49 of 2nd period - Stopped by Mikko Koskinen without a rebound.
16:50 of 2nd period - Nick Bonino wins face-off versus Colton Sceviour in Islanders zone.
16:50 of 2nd period - Ondrej Palat is hit by Henri Jokiharju and loses puck.
16:58 of 2nd period - Nick Bonino is hit by Henri Jokiharju and loses puck.
17:23 of 2nd period - Icing by Colton Sceviour.
17:24 of 2nd period - James Neal wins face-off versus Colton Sceviour in Islanders zone.
18:18 of 2nd period - Shot by Elias Pettersson.
18:18 of 2nd period - Shot Misses the Net.
19:17 of 2nd period - Shot by Janne Kuokkanen.
19:17 of 2nd period - Stopped by Christopher Gibson without a rebound.
19:18 of 2nd period - Jack Eichel wins face-off versus Alexander Radulov in Rangers zone.
19:33 of 2nd period - Minor Penalty to Michael Del Zotto for High sticking.
19:34 of 2nd period - Elias Pettersson wins face-off versus Brandon Pirri in Rangers zone.
19:37 of 2nd period - Shot by Elias Pettersson.
19:37 of 2nd period - Shot Misses the Net.
19:58 of 2nd period - Icing by Neal Pionk.
19:59 of 2nd period - Sam Gagner wins face-off versus Alexander Radulov in Islanders zone.
Goals for this period are 0 for Rangers vs 3 for Islanders.
Shots for this period are 6 for Rangers vs 14 for Islanders.

3rd period


0:01 of 3rd period - Jack Eichel wins face-off versus Alexander Radulov in neutral zone.
0:38 of 3rd period - Shot by Neal Pionk.
0:38 of 3rd period - Shot Blocked by Joel Edmundson.
0:45 of 3rd period - Icing by Nick Holden.
0:46 of 3rd period - Jack Eichel wins face-off versus Kyle Rau in Islanders zone.
1:13 of 3rd period - Shot by Sam Gagner.
1:13 of 3rd period - Shot Misses the Net.
1:15 of 3rd period - Shot by Henri Jokiharju.
1:15 of 3rd period - Stopped by Christopher Gibson with a rebound.
1:17 of 3rd period - Shot by Jesper Bratt.
1:17 of 3rd period - Shot Blocked by Brandon Pirri.
1:19 of 3rd period - Shot by Anthony DeAngelo.
1:19 of 3rd period - Shot Misses the Net.
1:21 of 3rd period - Shot by Henri Jokiharju.
1:21 of 3rd period - Stopped by Christopher Gibson with a rebound.
1:23 of 3rd period - Shot by Sam Gagner.
1:23 of 3rd period - Stopped by Christopher Gibson with a rebound.
1:25 of 3rd period - Shot by Sam Gagner.
1:25 of 3rd period - Stopped by Christopher Gibson with a rebound.
1:35 of 3rd period - Shot by Janne Kuokkanen.
1:35 of 3rd period - Shot Misses the Net.
1:45 of 3rd period - Shot by Reid Boucher.
1:45 of 3rd period - Stopped by Christopher Gibson without a rebound.
1:46 of 3rd period - Brock McGinn wins face-off versus Nick Bonino in Rangers zone.
1:59 of 3rd period - Shot by Reid Boucher.
1:59 of 3rd period - Shot Misses the Net.
2:57 of 3rd period - Shot by Elias Pettersson.
2:57 of 3rd period - Shot Misses the Net.
3:15 of 3rd period - Shot by Noel Acciari.
3:15 of 3rd period - Shot Misses the Net.
3:39 of 3rd period - Shot by Anthony Mantha.
3:39 of 3rd period - Shot Misses the Net.
3:55 of 3rd period - Shot by Anthony Mantha.
3:55 of 3rd period - Shot Blocked by Nick Holden.
4:16 of 3rd period - Icing by Neal Pionk.
4:17 of 3rd period - Elias Pettersson wins face-off versus Brandon Pirri in Islanders zone.
4:44 of 3rd period - Shot by Timo Meier.
4:44 of 3rd period - Stopped by Christopher Gibson with a rebound.
5:55 of 3rd period - Icing by Matt Niskanen.
5:56 of 3rd period - Cedric Paquette wins face-off versus Jack Eichel in Rangers zone.
6:01 of 3rd period - Noel Acciari is hit by Colton Sceviour and loses puck.
6:06 of 3rd period - Shot by Jack Eichel.
6:06 of 3rd period - Shot Misses the Net.
6:08 of 3rd period - Shot by Dennis Cholowski.
6:08 of 3rd period - Stopped by Christopher Gibson with a rebound.
7:08 of 3rd period - Joel Edmundson is hit by Richard Panik and loses puck.
7:21 of 3rd period - Richard Panik is hit by Kyle Rau and loses puck.
7:31 of 3rd period - Henri Jokiharju is hit by Nick Leddy and loses puck.
7:33 of 3rd period - Minor Penalty to Michael Del Zotto for Interference.
7:34 of 3rd period - Elias Pettersson wins face-off versus Anthony Mantha in Rangers zone.
7:54 of 3rd period - Shot by Elias Pettersson.
7:54 of 3rd period - Shot Hit the Post.
8:00 of 3rd period - Shot by Elias Pettersson.
8:00 of 3rd period - Deflect By Jesper Bratt.
8:00 of 3rd period - Shot Misses the Net.
8:02 of 3rd period - Shot by Anthony DeAngelo.
8:02 of 3rd period - Shot Blocked by Jordan Schroeder.
8:24 of 3rd period - Shot by Richard Panik.
8:24 of 3rd period - Shot Misses the Net.
8:36 of 3rd period - Shot by Jack Eichel.
8:36 of 3rd period - Stopped by Christopher Gibson without a rebound.
8:37 of 3rd period - Connor McDavid wins face-off versus Elias Pettersson in Rangers zone.
9:42 of 3rd period - Shot by Patrick Sharp.
9:42 of 3rd period - Shot Misses the Net.
9:44 of 3rd period - Shot by Colton Sceviour.
9:44 of 3rd period - Stopped by Christopher Gibson with a rebound.
9:46 of 3rd period - Shot by Colton Sceviour.
9:46 of 3rd period - Stopped by Christopher Gibson with a rebound.
9:51 of 3rd period - Jack Eichel is hit by Matt Niskanen.
10:11 of 3rd period - Shot by Reid Boucher.
10:11 of 3rd period - Stopped by Christopher Gibson without a rebound.
10:12 of 3rd period - Nick Bonino wins face-off versus Janne Kuokkanen in Rangers zone.
10:32 of 3rd period - Shot by Nick Bonino.
10:32 of 3rd period - Shot Blocked by Reid Boucher.
10:34 of 3rd period - Shot by Nick Bonino.
10:34 of 3rd period - Shot Misses the Net.
10:57 of 3rd period - Shot by Noel Acciari.
10:57 of 3rd period - Stopped by Mikko Koskinen with a rebound.
10:59 of 3rd period - Shot by Cedric Paquette.
10:59 of 3rd period - Deflect By Noel Acciari.
10:59 of 3rd period - Shot Hit the Post.
11:01 of 3rd period - Shot by Cedric Paquette.
11:01 of 3rd period - Shot Misses the Net.
11:37 of 3rd period - Shot by Alexander Radulov.
11:37 of 3rd period - Stopped by Mikko Koskinen without a rebound.
11:38 of 3rd period - Brandon Pirri wins face-off versus Jack Eichel in Islanders zone.
11:51 of 3rd period - Shot by James Neal.
11:51 of 3rd period - Shot Misses the Net.
12:30 of 3rd period - Jack Eichel is hit by Joel Edmundson and loses puck.
12:46 of 3rd period - Icing by Joel Edmundson.
12:47 of 3rd period - Elias Pettersson wins face-off versus Brandon Pirri in Rangers zone.
13:45 of 3rd period - Shot by Colton Sceviour.
13:45 of 3rd period - Shot Blocked by Cedric Paquette.
14:12 of 3rd period - Shot by Reid Boucher.
14:12 of 3rd period - Stopped by Christopher Gibson without a rebound.
14:13 of 3rd period - Connor McDavid wins face-off versus Jack Eichel in Rangers zone.
14:27 of 3rd period - Minor Penalty to Michael Del Zotto for Hooking.
14:28 of 3rd period - Elias Pettersson wins face-off versus Alexander Radulov in Rangers zone.
14:29 of 3rd period - Shot by Anthony DeAngelo.
14:29 of 3rd period - Shot Misses the Net.
14:31 of 3rd period - Shot by Anthony DeAngelo.
14:31 of 3rd period - Shot Blocked by Braydon Coburn.
14:33 of 3rd period - Shot by Neal Pionk.
14:33 of 3rd period - Stopped by Christopher Gibson without a rebound.
14:34 of 3rd period - Alexander Radulov wins face-off versus Elias Pettersson in Rangers zone.
14:56 of 3rd period - Fredrik Claesson is hit by Sam Gagner and loses puck.
15:19 of 3rd period - Shot by Nick Holden.
15:19 of 3rd period - Shot Misses the Net.
15:21 of 3rd period - Shot by Neal Pionk.
15:21 of 3rd period - Shot Hit the Post.
15:33 of 3rd period - Shot by Richard Panik.
15:33 of 3rd period - Stopped by Christopher Gibson without a rebound.
15:34 of 3rd period - Jack Eichel wins face-off versus Alexander Radulov in Rangers zone.
16:25 of 3rd period - Shot by Elias Pettersson.
16:25 of 3rd period - Stopped by Christopher Gibson without a rebound.
16:26 of 3rd period - Elias Pettersson wins face-off versus Alexander Radulov in Rangers zone.
16:51 of 3rd period - Shot by Janne Kuokkanen.
16:51 of 3rd period - Deflect By Reid Boucher.
16:51 of 3rd period - Stopped by Christopher Gibson with a rebound.
16:53 of 3rd period - Shot by Brock McGinn.
16:53 of 3rd period - Stopped by Christopher Gibson without a rebound.
16:54 of 3rd period - Brandon Pirri wins face-off versus Elias Pettersson in Rangers zone.
17:12 of 3rd period - Shot by Brandon Pirri.
17:12 of 3rd period - Stopped by Mikko Koskinen without a rebound.
17:13 of 3rd period - Janne Kuokkanen wins face-off versus Cedric Paquette in Islanders zone.
17:34 of 3rd period - Shot by Cedric Paquette.
17:34 of 3rd period - Shot Misses the Net.
17:38 of 3rd period - Shot by Cedric Paquette.
17:38 of 3rd period - Shot Misses the Net.
18:21 of 3rd period - Shot by Brandon Pirri.
18:21 of 3rd period - Stopped by Mikko Koskinen without a rebound.
18:22 of 3rd period - Connor McDavid wins face-off versus Jack Eichel in Islanders zone.
18:58 of 3rd period - Shot by Timo Meier.
18:58 of 3rd period - Shot Blocked by Nick Leddy.
19:00 of 3rd period - Shot by Richard Panik.
19:00 of 3rd period - Shot Misses the Net.
19:35 of 3rd period - Sam Gagner is hit by Matt Niskanen and loses puck.
19:44 of 3rd period - Jesper Bratt is hit by Fredrik Claesson and loses puck.
Goals for this period are 0 for Rangers vs 0 for Islanders.
Shots for this period are 4 for Rangers vs 17 for Islanders.